 Dungeon Crawl Stone Soup version 0.30-a0-172-gc5509c9e31 (webtiles) character file.

Game seed: 2879568608705209797

58 drugrobin the Sneak (level 3, 0/31 HPs)
             Began as a Demigod Delver on Oct 2, 2022.
             Succumbed to an adder's poison
             ... on level 4 of the Dungeon.
             The game lasted 00:04:30 (789 turns).

drugrobin the Sneak (Demigod Delver)                 Turns: 789, Time: 00:04:31

Health: 0/31       AC:  3    Str: 13    XL:     3   Next: 52%
Magic:  5/5        EV: 12    Int: 12    God:
Gold:   33         SH:  0    Dex: 19    Spells: 1/2 levels left

rFire   . . .      SeeInvis .    a - +0 falchion
rCold   . . .      Faith    .    (no shield)
rNeg    . . .      Spirit   .    n - +0 leather armour
rPois   .          Reflect  .    (no helmet)
rElec   .          Harm     .    (no cloak)
rCorr   .          Rampage  .    (no gloves)
Will    .....                    (no boots)
Stlth   +++.......               (no amulet)
HPRegen 0.25/turn                (no ring)
MPRegen 0.09/turn                (no ring)

@: lethally poisoned (0 -> -1)
A: high MP 1, forlorn, divine attributes
a: no special abilities


You were on level 4 of the Dungeon.
You visited 1 branch of the dungeon, and saw 3 of its levels.

You collected 33 gold pieces.

Inventory:

Hand Weapons
 a - a +0 falchion (weapon)
 b - a +0 sling
Missiles
 i - 10 stones (quivered)
Armour
 j - a +0 scale mail
 n - a +0 leather armour (worn)
Wands
 g - a wand of digging (1)
 m - a wand of mindburst (6)
Scrolls
 c - a scroll of fog
 d - a scroll of magic mapping
 h - a scroll of teleportation {unknown}
 k - a scroll of brand weapon {unknown}
 l - a scroll of poison {unknown}
Potions
 f - 2 potions of haste


   Skills:
 - Level 3.0 Fighting
 + Level 3.0 Long Blades
 - Level 2.2 Dodging
 - Level 4.7 Stealth


You had one spell level left.
You knew the following spells:

 Your Spells              Type           Power      Damage    Failure   Level
a - Foxfire               Conj/Fire      0%         2x1d4     38%         1

Your spell library contained the following spells:

 Spells                   Type           Power      Damage    Failure   Level
 Inner Flame              Hex/Fire       0%         N/A       77%         3
 Flame Wave               Conj/Fire      0%         2d4       99%         4
 Sticky Flame             Conj/Fire      0%         2d3       99%         4


Dungeon Overview and Level Annotations

Branches:
Dungeon (6/15)
 Temple: D:4-7

Annotations:
D:5 exclusions: 2 adders, ice beast, orc and phantom


Innate Abilities, Weirdness & Mutations

You have an increased reservoir of magic. (+10% MP)
You shall have no god before yourself.
Your divine heritage dramatically boosts your attributes as you level up.


Message History

You are more poisoned.
The adder poisons you!
Unknown command.
You barely miss the adder.
The adder is severely wounded.
You feel very sick. The adder barely misses you.
Unknown command.
Unknown command.
You hit the adder.
You kill the adder!
You feel very sick.
Your Long Blades skill increases to level 3!
Unknown command.
Unknown command.
You barely miss the worm.
You feel sick.
Unknown command.
You hit the worm.
The worm is lightly wounded.
You feel sick. The worm bites you but does no damage.
Unknown command.
You hit the worm.
The worm is lightly wounded.
You feel sick. The worm bites you.
* * * LOW HITPOINT WARNING * * *
Unknown command.
Unknown command.
* * * LOW HITPOINT WARNING * * *
You feel sick.
Unknown command.
Okay, then.
As you read the scroll of fear, it crumbles to dust.
You assume a fearsome visage.
The worm looks frightened!
* * * LOW HITPOINT WARNING * * *
You feel sick.
Unknown command.
Unknown command.
* * * LOW HITPOINT WARNING * * *
You feel sick.
You die...

#+ ##. #.## #.. ... #.(
#..##.. #.#.. #...# #.##
#########..##
#......w...@####
#...........+..#
######.......)...##.# ######
.................##.####....#
.................##...##....#
.......................'....#
.g.....................#....#
......†#...######......#....#
J......#...# #......#....#


You could see a worm (fleeing).

Vanquished Creatures
  A hound (D:6)
  2 adders (D:4)
  A dart slug (D:4)
  2 orcs
  A ball python (D:4)
  An endoplasm (D:4)
  A hobgoblin (D:4)
  A kobold (D:4)
10 creatures vanquished.

Notes
Turn   | Place    | Note
-------+----------+-------------------------------------------
     0 | D:5      | drugrobin the Demigod Delver began the quest for the Orb.
     0 | D:5      | Reached XP level 1. HP: 18/18 MP: 3/3
    36 | D:5      | Noticed a phantom
    59 | D:5      | Noticed an ice beast
   172 | D:6      | Noticed an orc warrior
   172 | D:6      | Noticed an orc priest
   261 | D:6      | Noticed a hound
   273 | D:6      | Killed a hound
   274 | D:6      | Reached XP level 2. HP: 3/26 MP: 4/4
   497 | D:6      | Noticed a kobold brigand
   654 | D:4      | Reached XP level 3. HP: 30/31 MP: 5/5
   659 | D:4      | Learned a level 1 spell: Foxfire
   787 | D:4      | HP: 1/31 [poisoned by an adder]
   789 | D:4      | Succumbed to an adder's poison

Illustrated notes

Levels and vault maps discovered:
D:4:      minmay_spotlight, layout_basic
D:5:      layout_loops_cross
D:6:      layout_rooms, minmay_temple_entry_antechambers

Skill      XL: |  1  2  3 |
---------------+----------+-----
Fighting       | 3 |  3.0
Long Blades    | 2 3 |  3.0
Dodging        | 2 |  2.2
Stealth        | |  4.7

Action                   || total
-------------------------++-------
Melee: Falchion          ||    37
 Fire: Sling             ||     2
Throw: Stone             ||     1
Evoke: Wand              ||     3
  Use: Scroll            ||     1
 Stab: Sleeping          ||     2
Armor: Leather armour    ||     6
Dodge: Dodged            ||    26

Table legend: (Time is in decaauts)
 A = Elapsed time spent in this place.
 B = Non-inter-level travel time spent in this place.
 C = Inter-level travel time spent in this place.
 D = Time resting spent in this place.
 E = Time spent auto-exploring this place.
 F = Levels seen in this place.
 G = Mean time per level.
                   A        B        C        D        E       F      G
               +--------+--------+--------+--------+--------+-----+--------+
         Total |    797 |    797 |      0 |    167 |    147 |   3 |  265.7 |
       Dungeon |    797 |    797 |      0 |    167 |    147 |   3 |  265.7 |
               +--------+--------+--------+--------+--------+-----+--------+

Top non-repeatable levels by time:
     D:5: 323 daAuts
     D:6: 289 daAuts
     D:4: 185 daAuts
